 Dungeon Crawl Stone Soup version 0.27.1-3-gb3d3a73c9e (webtiles) character file.

Game seed: 1017758037844316502

85 DearestLeader the Ducker (level 4, 0/34 HPs)
             Began as a Gnoll Wanderer on Oct 25, 2021.
             Killed by divine providence
             ... invoked by an orc priest
              (10 damage)
             ... on level 2 of the Dungeon.
             The game lasted 00:03:32 (2441 turns).

DearestLeader the Ducker (Gnoll Wanderer)           Turns: 2441, Time: 00:03:34

Health: 0/34       AC:  6    Str: 11    XL:     4   Next: 48%
Magic:  5/5        EV: 12    Int: 11    God:
Gold:   57         SH:  0    Dex: 13    Spells: 5/5 levels left

rFire    + . .     SeeInvis .   o - +1 flail (protect)
rCold    . . .     Faith    .   (no shield)
rNeg     . . .     Spirit   .   b - +0 ring mail
rPois    .         Reflect  .   (no helmet)
rElec    .         Harm     .   (no cloak)
rCorr    .         Rampage  .   f - +0 pair of gloves
Will     .....                  (no boots)
Stlth    +.........             (no amulet)
HPRegen  0.11/turn              l - ring of protection from fire
MPRegen  0.09/turn              (no ring)

@: no status effects
A: fangs 1, strong nose, distributed training
a: no special abilities


You were on level 2 of the Dungeon.
You visited 1 branch of the dungeon, and saw 3 of its levels.

You collected 57 gold pieces.

Inventory:

Hand Weapons
 a - a +2 mace
 o - a +1 flail of protection (weapon)
Missiles
 i - 43 sling bullets
 n - a throwing net
Armour
 b - a +0 ring mail (worn)
 f - a +0 pair of gloves (worn)
Jewellery
 l - a ring of protection from fire (left hand)
Scrolls
 e - a scroll of identify {unknown}
 g - a scroll of vulnerability {unknown}
 h - a scroll of amnesia {unknown}
 j - 2 scrolls of magic mapping
 k - a scroll of summoning {unknown}
 m - a scroll of fear {unknown}
Miscellaneous
 c - a piece from Xom's chessboard (15/15) (quivered)


   Skills:
 + Level 2.7 Fighting
 + Level 1.1 Short Blades
 + Level 1.1 Long Blades
 + Level 1.1 Axes
 + Level 2.7 Maces & Flails
 + Level 1.1 Polearms
 + Level 2.7 Staves
 + Level 1.1 Slings
 + Level 1.1 Bows
 + Level 1.1 Crossbows
 + Level 1.1 Throwing
 + Level 2.7 Armour
 + Level 6.6 Dodging
 + Level 2.5 Stealth
 + Level 1.1 Shields
 + Level 1.1 Unarmed Combat
 + Level 1.1 Spellcasting
 + Level 0.9 Conjurations
 + Level 0.9 Hexes
 + Level 0.9 Summonings
 + Level 0.9 Necromancy
 + Level 0.9 Translocations
 + Level 0.9 Transmutations
 + Level 0.9 Fire Magic
 + Level 0.9 Ice Magic
 + Level 0.9 Air Magic
 + Level 0.9 Earth Magic
 + Level 0.9 Poison Magic
 + Level 1.2 Invocations
 + Level 4.6 Evocations


You had 5 spell levels left.
You didn't know any spells.
Your spell library contained the following spells:

 Spells                   Type           Power      Damage    Failure   Level
 Corona                   Hex            2%         N/A       45%         1
 Ensorcelled Hibernation  Hex/Ice        4%         N/A       58%         2
 Stone Arrow              Conj/Erth      4%         3d7       83%         3
 Tukima's Dance           Hex            2%         N/A       83%         3
 Bolt of Magma            Conj/Fire/Erth 1%         4d4       100%        5
 Shatter                  Erth           1%         3d5*      100%        9


Dungeon Overview and Level Annotations

Branches:
Dungeon (3/15)

Altars:
Zin

Shops:
D:1 =


Innate Abilities, Weirdness & Mutations

You have very sharp teeth.
Your uncanny sense of smell can sniff out nearby items.
Your experience applies equally to all skills.


Message History

As you read the scroll labelled FIHENK JAYJAHU, it crumbles to dust.
It is a scroll of enchant weapon.
Your +0 flail of protection glows red for a moment.
There is a stone staircase leading down here.
You climb downwards.
The orc shouts!
The orc priest hits you with a +0 flail.
There is a stone staircase leading up here.
The orc priest invokes the aid of Beogh against you.
You barely resist.
You climb upwards.
There is a stone staircase leading down here.
You barely miss the orc priest.
The orc priest hits you with a +0 flail.
You hit the orc priest.
Your weapon exudes an aura of protection.
The orc priest is moderately wounded.
The orc priest hits you with a +0 flail.
You barely miss the orc priest.
The orc priest is moderately wounded.
The orc priest hits you with a +0 flail.
The orc priest barely misses you.
You sock the orc priest! Your bite misses the orc priest.
The orc priest is almost dead.
The orc priest mumbles some strange prayers to Beogh against you.
Beogh smites you!
* * * LOW HITPOINT WARNING * * *
You closely miss the orc priest.
The orc priest is almost dead.
The orc priest hits you but does no damage.
You barely miss the orc priest.
The orc priest is almost dead.
The orc priest misses you.
You closely miss the orc priest.
You bite the orc priest, but do no damage.
The orc priest is almost dead.
The orc priest barely misses you.
The orc priest mumbles some strange prayers to Beogh against you.
Beogh smites you!
You die...

#.#.##########.#
#.#.# #.# #.#.#
#.# #.#.# #.#
#.#.# #.# #.#.#
#.# #.#.# #####.#
#.#.######.....###
................@#
#.#.######.#...#o#
#.#.# #.#.#.#[#
#.#.# #.#.#.#.#
#.#.# #.#.#.#.#
#.#.# #.....#.#
#.#.########.###.#
#.#.........<....#
#.################


You could see an orc priest.

Vanquished Creatures
  An adder (D:2)
  3 gnolls (D:3)
  A worm (D:2)
  An orc (D:2)
  8 ball pythons
  4 bats
  4 endoplasms
  A giant cockroach (D:3)
  2 goblins (D:2)
  3 hobgoblins
  4 quokkas
  A frilled lizard (D:3)
  5 kobolds
  2 rats
40 creatures vanquished.

Notes
Turn   | Place    | Note
-------+----------+-------------------------------------------
     0 | D:1      | DearestLeader the Gnoll Wanderer began the quest for the
                  | Orb.
     0 | D:1      | DearestLeader set off with the following items: a +2 mace,
                  | a +0 ring mail, a piece from Xom's chessboard (15/15)
     0 | D:1      | Reached XP level 1. HP: 17/17 MP: 1/1
   194 | D:1      | Reached XP level 2. HP: 22/23 MP: 2/2
   223 | D:1      | Found a faded altar of an unknown god.
   405 | D:1      | Found Zoshifea's Jewellery Boutique.
   801 | D:2      | Reached XP level 3. HP: 19/28 MP: 3/3
  1353 | D:2      | Reached skill level 1 in Invocations
  1751 | D:3      | Found a glowing silver altar of Zin.
  1827 | D:3      | Reached skill level 1 in Short Blades
  1827 | D:3      | Reached skill level 1 in Long Blades
  1827 | D:3      | Reached skill level 1 in Axes
  1827 | D:3      | Reached skill level 1 in Polearms
  1827 | D:3      | Reached skill level 1 in Slings
  1827 | D:3      | Reached skill level 1 in Bows
  1827 | D:3      | Reached skill level 1 in Crossbows
  1827 | D:3      | Reached skill level 1 in Throwing
  1827 | D:3      | Reached skill level 1 in Shields
  1827 | D:3      | Reached skill level 1 in Unarmed Combat
  1827 | D:3      | Reached skill level 1 in Spellcasting
  1827 | D:3      | Reached XP level 4. HP: 19/34 MP: 5/5
  2441 | D:2      | Killed from afar by an orc priest

Illustrated notes

Levels and vault maps discovered:
D:1:      lemuel_arrival_behind_the_door_large, layout_basic,
          shapermc_ecumenical_altar_mp_ritualfount, serial_shops,
          nicolae_square_shop, st_stairs_12
D:2:      layout_basic, minivault_25
D:3:      layout_basic, mainiacjoe_overflow_brackets, kennysheep_doodads,
          uniq_sigmund, uniq_crazy_yiuf_cottage, uniq_jessica

Skill      XL: |  1  2  3 |
---------------+----------+-----
Invocations    | 1 |  1.2
Short Blades   | 1 |  1.1
Long Blades    | 1 |  1.1
Axes           | 1 |  1.1
Polearms       | 1 |  1.1
Slings         | 1 |  1.1
Bows           | 1 |  1.1
Crossbows      | 1 |  1.1
Throwing       | 1 |  1.1
Shields        | 1 |  1.1
Unarmed Combat | 1 |  1.1
Spellcasting   | 1 |  1.1
Fighting       | |  2.7
Maces & Flails | |  2.7
Staves         | |  2.7
Armour         | |  2.7
Dodging        | |  6.6
Stealth        | |  2.5
Conjurations   | |  0.9
Hexes          | |  0.9
Summonings     | |  0.9
Necromancy     | |  0.9
Translocations | |  0.9
Transmutations | |  0.9
Fire Magic     | |  0.9
Ice Magic      | |  0.9
Air Magic      | |  0.9
Earth Magic    | |  0.9
Poison Magic   | |  0.9
Evocations     | |  4.6

Action                   |  1- 3 |  4- 6 || total
-------------------------+-------+-------++-------
Melee: Mace              |    86 |    30 ||   116
       Bite              |     5 |     1 ||     6
       Flail             |       |     7 ||     7
  Use: Scroll            |       |     2 ||     2
 Stab: Sleeping          |     2 |       ||     2
Armor: Ring mail         |    32 |    14 ||    46
Dodge: Dodged            |    71 |    21 ||    92
